 Dungeon Crawl Stone Soup version 0.25.1-2-g60ff931df9 (webtiles) character file.

Game seed: 3726372947969609576

36 selver the Magician (level 3, -5/39 HPs)
             Began as a Draconian Wizard on Oct 19, 2020.
             Killed from afar by Natasha (7 damage)
             ... with a magic dart
             ... on level 2 of the Dungeon.
             The game lasted 00:05:26 (2581 turns).

selver the Magician (Draconian Wizard)              Turns: 2581, Time: 00:05:26

Health: -5/39      AC: 21    Str: 10    XL:     3   Next: 19%
Magic:  2/8        EV:  2    Int: 20    God:
Gold:   38         SH:  0    Dex:  9    Spells: 6/9 levels left

rFire    + . .     SeeInvis .   e - +0 dagger
rCold    + . .     Gourm    .   (no shield)
rNeg     + + +     Faith    .   (armour unavailable)
rPois    +         Spirit   .   (helmet currently unavailable)
rElec    +         Reflect  .   (cloak currently unavailable)
rCorr    +         Harm     .   (gloves currently unavailable)
MR       .....     NoTele   +   (boots currently unavailable)
Stlth    ++........             (no amulet)
HPRegen  0.13/turn              (no ring)
MPRegen  0.11/turn              (no ring)

@: tree-form, resistant, very slightly contaminated, slowed, very slow
A: unfitting armour, clever 1, AC +5
a: no special abilities


You were on level 2 of the Dungeon.
You were not hungry.
You were a tree.
You visited 1 branch of the dungeon, and saw 2 of its levels.

You collected 38 gold pieces.

Inventory:

Hand Weapons
 e - a +0 dagger (weapon)
Armour
 a - a +0 hat (melded)
Jewellery
 l - a cursed ring of attention {unknown}
 n - a cursed ring of teleportation {unknown}
Scrolls
 b - a scroll of teleportation {unknown}
 f - a scroll of immolation {unknown}
 h - a scroll of enchant armour {unknown}
 j - a scroll of identify {unknown}
 m - a scroll of remove curse {unknown}
 o - a scroll of enchant weapon {unknown}
Comestibles
 c - 5 rations
 k - 2 chunks of flesh


   Skills:
 - Level 1.7 Dodging
 - Level 1.7 Stealth
 + Level 3.6 Spellcasting
 + Level 2.3 Conjurations
   Level 1.0 Summonings
 - Level 1.0 Translocations


You had 6 spell levels left.
You knew the following spells:

 Your Spells              Type           Power        Failure   Level  Hunger
a - Magic Dart            Conj           ##..         5%          1    None
b - Blink                 Tloc           N/A          14%         2    ##.....

Your spell library contained the following spells:

 Spells                   Type           Power        Failure   Level  Hunger
 Call Imp                 Summ           #.......     14%         2    ##.....
 Slow                     Hex            #.......     21%         2    ##.....
 Conjure Flame            Conj/Fire      #.......     26%         3    ###....
 Mephitic Cloud           Conj/Pois/Air  #.......     28%         3    ###....


Dungeon Overview and Level Annotations

Branches:
Dungeon (2/15)

Altars:

Annotations:
D:2 Natasha


Innate Abilities, Weirdness & Mutations

((Your plain brown scales are hard. (AC +5)))
You cannot fit into any form of body armour.
((You are cold-blooded and may be slowed by cold attacks.))
((You have a pair of small antennae on your head.))
Your mind is acute. (Int +2)
((You are resistant to electric shocks. (rElec)))


Message History

Your +0 hat melds into your body.
Your roots penetrate the ground.
Natasha claws you but does no damage.
It was a potion of mutation.
You feel extremely strange.
You feel clever. A pair of antennae grows on your head!
You feel insulated.
Natasha zaps a wand.
The puff of flame hits you but does no damage.
Natasha claws you but does no damage.
You closely miss Natasha.
Natasha is heavily wounded.
Natasha claws you but does no damage.
You barely miss Natasha.
Natasha is heavily wounded.
Natasha claws you.
* * * LOW HITPOINT WARNING * * *
Natasha claws you but does no damage.
You miss Natasha.
Natasha is heavily wounded.
Natasha stares at you and mumbles some strange words.
The magic dart hits you!
You die...

#.# #.# #.##.. #.# ####'##
### #.# #.....# #.# #.....#
#.# #.....# #.# #.....# #5#
#######.....#
#.######......#.....#######
#...lh.'......h♣..........#
########......##'#'#.####.#
# ....## #.#.#.# #.# .
###'# #.#.#.# #.## # .#
#.#.#.# #.#.. # #.#.#.#
#.#.# #.#.#.# #.#.# #.#.#.#
#.#.# #.# #.#.#


You could see Natasha.

Vanquished Creatures
  A worm (D:2)
  A leopard gecko (D:2)
  A ball python (D:1)
  A giant cockroach (D:2)
  6 goblins
  4 hobgoblins
  5 kobolds (D:1)
  5 bats
  2 frilled lizards
  4 rats
30 creatures vanquished.

Notes
Turn   | Place    | Note
-------+----------+-------------------------------------------
     0 | D:1      | selver the Draconian Wizard began the quest for the Orb.
     0 | D:1      | Reached XP level 1. HP: 14/14 MP: 4/4
   536 | D:1      | Reached XP level 2. HP: 10/20 MP: 6/6
   813 | D:1      | Learned a level 2 spell: Blink
  1328 | D:2      | Noticed Natasha
  1334 | D:2      | Noticed a crimson imp
  1387 | D:2      | Noticed a crimson imp
  1878 | D:2      | Reached XP level 3. HP: 6/26 MP: 0/8
  2578 | D:2      | Gained mutation: Your mind is acute. (Int +2) [potion of
                  | mutation]
  2578 | D:2      | Gained mutation: You have a pair of small antennae on your
                  | head. [potion of mutation]
  2578 | D:2      | Gained mutation: You are resistant to electric shocks.
                  | (rElec) [potion of mutation]
  2581 | D:2      | Killed from afar by Natasha

Illustrated notes

Levels and vault maps discovered:
D:1:      dpeg_arrival_round_b, layout_basic, minivault_26
D:2:      layout_basic, uniq_natasha

Skill      XL: |  1  2 |
---------------+-------+-----
Conjurations   | 2 |  2.3
Dodging        | |  1.7
Stealth        | |  1.7
Spellcasting   | |  3.6
Summonings     | |  1.0
Translocations | |  1.0

Action                   || total
-------------------------++-------
Melee: Dagger            ||    89
       Unarmed           ||     9
       Tailslap          ||     3
 Cast: Magic Dart        ||    56
  Use: Potion            ||     3
  Eat: Chunk             ||     5
Armor: Skin              ||    45
Dodge: Dodged            ||    87
